 Dungeon Sprint DCSS version 0.17-a0-1920-gafa4d75 (webtiles) character file.

36433 Kidiri the Unseen (level 12, -6/47 (51) HPs)
             Began as a Spriggan Enchanter on Sept 27, 2015.
             Was the Champion of Dithmenos.
             Succumbed to poison (dark miasma)
             ... in the Dungeon (Sprint III: "The Ten Rune Challenge").
             The game lasted 00:13:22 (2785 turns).

Kidiri the Unseen (Spriggan Enchanter)              Turns: 2785, Time: 00:13:22

HP:   -6/47 (51)    AC:  4    Str:  4    XL:     12   Next: 71%
MP:   27/32         EV: 35    Int: 19    God:    Dithmenos [******]
Gold: 49            SH:  0    Dex: 19    Spells: 7 memorised, 20 levels left

rFire  . . .     SeeInvis +     e - +2 short sword (drain)
rCold  . . .     Clarity  .     q - +2 robe {rN+}
rNeg   + . .     SustAt   .     (shield restricted)
rPois  .         Gourm    .     (helmet restricted)
rElec  .         Spirit   .     (no cloak)
rCorr  .         Warding  .     (gloves unavailable)
rMut   .         NoTele   +     (boots unavailable)
MR     ++...                    (no amulet)
Stlth  ++++++++++               (no ring)
                                (no ring)

@: lethally poisoned (-6 -> -119), non-regenerating, badly diseased, slowed,
wreathed by umbra, quick, very resistant to hostile enchantments, uncannily
stealthy
A: unfitting armour, see invisible, herbivore 3, speed 3, slow metabolism 2
a: Shadow Step, Shadow Form, Renounce Religion
}: 1/10 runes: serpentine


You were in the Dungeon.
You worshipped Dithmenos.
Dithmenos was exalted by your worship.
You were not hungry.

You visited 1 branch You collected 49 gold pieces.

Inventory:

Hand weapons
 e - a +2 short sword of draining (weapon)
Missiles
 r - 10 throwing nets (quivered)
Armour
 q - a +2 robe of positive energy (worn)
Magical devices
 n - a wand of polymorph (17)
Scrolls
 g - 2 scrolls of holy word {unknown}
 j - a scroll of blinking
 k - 2 scrolls of identify {unknown}
 l - 3 scrolls of remove curse
Potions
 c - a potion of cure mutation
 f - a potion of might
 h - a potion of magic
 i - 3 potions of berserk rage
 o - 4 potions of flight
Comestibles
 a - 5 fruits
 d - a bread ration
 m - 29 royal jellies


   Skills:
 * Level 14.6 Short Blades
 * Level 18.4 Dodging
 * Level 19.8 Stealth
 * Level 15.8 Spellcasting
 + Level 7.0 Conjurations
 + Level 11.9 Hexes
 + Level 8.0 Ice Magic
 + Level 7.8 Air Magic
 + Level 8.4 Poison Magic
 - Level 2.0 Invocations


You had 20 spell levels left.
You knew the following spells:

 Your Spells              Type           Power        Failure   Level  Hunger
a - Corona                Hex            ######.      1%          1    None
b - Ensorcelled Hibernat  Hex/Ice        ######       1%          2    None
c - Confuse               Hex            ######..     1%          3    None
d - Tukima's Dance        Hex            ######..     1%          3    None
e - Dazzling Spray        Conj/Hex       ######..     1%          3    None
f - Poisonous Cloud       Conj/Pois/Air  #####.....   28%         6    #####..
g - Olgreb's Toxic Radia  Pois           #####...     1%          4    None


Dungeon Overview and Level Annotations

Branches:
Dungeon (1/1)

Altars:
Cheibriados
Dithmenos
Elyvilon
Fedhas
Gozag
Kikubaaqudgha
Makhleb
Nemelex Xobeh
Okawaru
Qazlal
Ru
Sif Muna
Trog
Vehumet
Xom
Yredelemnul
Zin
The Shining One
Jiyva
Lugonu

Shops:
D (:%(:%


Innate Abilities, Weirdness & Mutations

You are tiny and cannot use many weapons and most armour.
You have supernaturally acute eyesight.
You are a herbivore.
You cover ground extremely quickly.
You need consume almost no food.


Message History

You feel ill.
You feel very sick.
Really walk into that cloud of foul pestilence?
You are engulfed in dark miasma.
You are more poisoned.
You feel your flesh rotting away!
You feel ill.
* * * LOW HITPOINT WARNING * * *
x2 You feel very sick.
The helpless swamp dragon skeleton fails to defend itself.
You stick the swamp dragon skeleton like a pincushion!!!!!
You destroy the swamp dragon skeleton!
Dithmenos accepts your kill.
You are engulfed in dark miasma.
You are more poisoned.
You feel yourself slow down.
* * * LOW HITPOINT WARNING * * *
x2 You feel very sick.
Drink which item? (? for menu, Esc to quit)
Okay, then.
You die...

#.♣♣
#...........#
#♣.♣
#.......%%...
♣≈♣♣
###########..
♣♣.♣
##.......%...
♣.♣♣
#......%%...#
♣.♣♣
#..##########
♣.%♣
#......%%...#
♣♣.♣♣.####♣♣
##.%.........
♣♣.♣♣≈≈.@§♣
##########..
♣♣.≈♣♣♣♣♣♣§♣
##.))........
♣..≈..≈.§§.♣
#∩.)).......#
♣...≈§§§§§§♣
#∩.##########
♣%♣≈..≈§§§§♣
#∩...........
♣♣♣♣♣♣♣♣§§§♣
##..........%
♣♣♣♣♣
############


There were no monsters in sight!

Vanquished Creatures
  Rupert (D)
  A greater naga (D)
  Maud (D)
  2 hydras (D)
  A naga warrior (D)
  2 anacondas (D)
  Erolcha (D)
  4 death yaks (D)
  A spriggan druid (D)
  3 death drakes (D)
  A lindwurm (D)
  A guardian serpent (D)
  4 black mambas (D)
  A fire drake (D)
  2 spiny frogs (D)
  A deep elf priest (D)
  A komodo dragon (D)
  A queen bee (D)
  3 wandering mushrooms (D)
  8 blink frogs (D)
  2 spriggans (D)
  A shadow (D)
  4 redbacks (D)
  2 trapdoor spiders (D)
  5 water moccasins (D)
  A spatial vortex (D)
  2 hill giants (D)
  2 nagas (D)
  A swamp drake (D)
  A necrophage (D)
  2 swamp dragon skeletons (D)
  2 brain worms (D)
  3 two-headed ogres (D)
  A water elemental (D)
  32 killer bees (D)
  An electric eel (D)
  A jelly (D)
  Jessica (D)
  A necromancer (D)
  A wizard (D)
  A wolf (D)
  3 humans (D)
  A kobold demonologist (D)
  5 adders (D)
  3 rats (D)
119 creatures vanquished.

Vanquished Creatures (others)
  2 draconian scorchers (D)
  3 yaktaurs (D)
  4 plants (D)
9 creatures vanquished.

Grand Total: 128 creatures vanquished

Notes
Turn   | Place    | Note
--------------------------------------------------------------
     0 | D        | Kidiri the Spriggan Enchanter began the quest for the Orb.
     0 | D        | Reached XP level 1. HP: 9/9 MP: 5/5
    14 | D        | Noticed Jessica
    35 | D        | Killed Jessica
    35 | D        | Reached skill level 6 in Stealth
    35 | D        | Reached XP level 2. HP: 13/13 MP: 5/8
    58 | D        | Killed a yaktaur
    64 | D        | Learned a level 2 spell: Ensorcelled Hibernation
    75 | D        | Noticed a wolf
   114 | D        | Killed a wolf
   114 | D        | Reached skill level 5 in Dodging
   114 | D        | Reached XP level 3. HP: 7/16 MP: 7/10
   122 | D        | Learned a level 3 spell: Confuse
   126 | D        | Learned a level 3 spell: Tukima's Dance
   143 | D        | Reached skill level 7 in Stealth
   143 | D        | Reached skill level 5 in Spellcasting
   143 | D        | Reached XP level 4. HP: 10/21 MP: 3/12
   150 | D        | Learned a level 3 spell: Dazzling Spray
   167 | D        | Gained mutation: You heal slowly when monsters are visible. [potion of mutation]
   167 | D        | Gained mutation: You have a pair of small antennae on your head. [potion of mutation]
   167 | D        | Gained mutation: Your body sometimes deteriorates upon taking damage. [potion of mutation]
   168 | D        | Lost mutation: Your body sometimes deteriorates upon taking damage. [potion of cure mutation]
   168 | D        | Lost mutation: You have a pair of small antennae on your head. [potion of cure mutation]
   168 | D        | Lost mutation: You heal slowly when monsters are visible. [potion of cure mutation]
   169 | D        | Gained mutation: Your spells are a little easier to cast, but a little less powerful. [potion of mutation]
   169 | D        | Lost mutation: Your spells are a little easier to cast, but a little less powerful. [potion of mutation]
   169 | D        | Gained mutation: You are frail (-10% HP). [potion of mutation]
   170 | D        | Lost mutation: You are frail (-10% HP). [potion of cure mutation]
   211 | D        | Killed a white draconian scorcher
   224 | D        | Killed a white draconian scorcher
   353 | D        | Noticed a water elemental
   356 | D        | Killed a water elemental
   356 | D        | Reached skill level 8 in Stealth
   356 | D        | Reached skill level 5 in Hexes
   356 | D        | Reached skill level 1 in Ice Magic
   365 | D        | Noticed a jelly
   366 | D        | Noticed a shadow
   368 | D        | Killed a shadow
   368 | D        | Reached skill level 9 in Stealth
   368 | D        | Reached skill level 1 in Conjurations
   368 | D        | Reached XP level 5. HP: 24/24 MP: 12/15
   368 | D        | Reached XP level 6. HP: 28/28 MP: 13/17
   372 | D        | Killed a jelly
   377 | D        | Found a stormy altar of Qazlal.
   378 | D        | Noticed a spatial vortex
   378 | D        | Found a sacrificial altar of Ru.
   378 | D        | Found a burning altar of Makhleb.
   378 | D        | Found a viscous altar of Jiyva.
   378 | D        | Found a shimmering altar of Xom.
   378 | D        | Found a shadowy altar of Dithmenos.
   378 | D        | Found a sparkling altar of Nemelex Xobeh.
   378 | D        | Found a corrupted altar of Lugonu.
   378 | D        | Found an opulent altar of Gozag.
   383 | D        | Became a worshipper of Dithmenos the Shadowed
   388 | D        | Killed a spatial vortex
   388 | D        | Reached skill level 10 in Stealth
   388 | D        | Reached skill level 1 in Invocations
   489 | D        | Found a radiant altar of Vehumet.
   490 | D        | Found a deep blue altar of Sif Muna.
   490 | D        | Found an ancient bone altar of Kikubaaqudgha.
   490 | D        | Noticed a wizard
   491 | D        | Killed a wizard
   507 | D        | Learned a level 6 spell: Poisonous Cloud
   519 | D        | Found a glowing silver altar of Zin.
   520 | D        | Found a glowing golden altar of the Shining One.
   520 | D        | Found a white marble altar of Elyvilon.
   520 | D        | Noticed a deep elf priest
   522 | D        | Killed a deep elf priest
   522 | D        | Reached skill level 10 in Dodging
   522 | D        | Reached skill level 11 in Stealth
   522 | D        | Reached skill level 1 in Air Magic
   522 | D        | Reached skill level 1 in Poison Magic
   522 | D        | Reached XP level 7. HP: 32/32 MP: 20/20
   534 | D        | Found an iron altar of Okawaru.
   535 | D        | Found a bloodstained altar of Trog.
   535 | D        | Noticed a human
   535 | D        | Noticed a human
   537 | D        | Killed a human
   538 | D        | Killed a human
   538 | D        | Reached XP level 8. HP: 36/36 MP: 22/22
   552 | D        | Found a snail-covered altar of Cheibriados.
   552 | D        | Noticed a necrophage
   553 | D        | Found a basalt altar of Yredelemnul.
   553 | D        | Found a blossoming altar of Fedhas.
   553 | D        | Noticed a necromancer
   554 | D        | Killed a necrophage
   554 | D        | Acquired Dithmenos's first power
   554 | D        | Reached skill level 12 in Stealth
   555 | D        | Killed a necromancer
   594 | D        | Learned a level 4 spell: Olgreb's Toxic Radiance
   614 | D        | Noticed a two-headed ogre
   614 | D        | Noticed a two-headed ogre
   618 | D        | Killed a two-headed ogre
   620 | D        | Killed a two-headed ogre
   623 | D        | Noticed a two-headed ogre
   624 | D        | Killed a two-headed ogre
   624 | D        | Acquired Dithmenos's second power
   630 | D        | Noticed a hill giant
   636 | D        | Killed a hill giant
   650 | D        | Noticed a hill giant
   650 | D        | Noticed Erolcha
   652 | D        | Killed Erolcha
   652 | D        | Reached skill level 13 in Stealth
   652 | D        | Reached skill level 10 in Spellcasting
   652 | D        | Reached XP level 9. HP: 39/39 MP: 22/24
   653 | D        | Killed a hill giant
   671 | D        | Noticed a redback
   673 | D        | Killed a redback
   692 | D        | Noticed a trapdoor spider
   695 | D        | Killed a trapdoor spider
   727 | D        | Noticed a trapdoor spider
   737 | D        | Killed a trapdoor spider
   737 | D        | Acquired Dithmenos's third power
   737 | D        | Reached skill level 10 in Short Blades
   737 | D        | Reached skill level 14 in Stealth
  1008 | D        | Noticed a killer bee
  1008 | D        | Noticed a killer bee
  1008 | D        | Noticed a killer bee
  1008 | D        | Noticed a queen bee
  1008 | D        | Noticed a killer bee
  1008 | D        | Noticed a killer bee
  1008 | D        | Noticed a killer bee
  1008 | D        | Noticed a killer bee
  1008 | D        | Noticed a killer bee
  1008 | D        | Noticed a killer bee
  1008 | D        | Noticed a killer bee
  1008 | D        | Noticed a killer bee
  1008 | D        | Noticed a killer bee
  1008 | D        | Noticed a killer bee
  1008 | D        | Noticed a killer bee
  1009 | D        | Noticed a killer bee
  1009 | D        | Noticed a killer bee
  1009 | D        | Noticed a killer bee
  1009 | D        | Noticed a killer bee
  1009 | D        | Noticed a killer bee
  1009 | D        | Noticed a killer bee
  1009 | D        | Noticed a killer bee
  1009 | D        | Noticed a killer bee
  1009 | D        | Noticed a killer bee
  1009 | D        | Noticed a killer bee
  1009 | D        | Noticed a killer bee
  1009 | D        | Noticed a killer bee
  1009 | D        | Noticed a killer bee
  1009 | D        | Noticed a killer bee
  1009 | D        | Noticed a killer bee
  1009 | D        | Noticed a killer bee
  1009 | D        | Noticed a killer bee
  1009 | D        | Noticed a killer bee
  1013 | D        | Killed a killer bee
  1015 | D        | Killed a killer bee
  1020 | D        | Killed a killer bee
  1020 | D        | Reached skill level 5 in Ice Magic
  1022 | D        | Killed a killer bee
  1024 | D        | Killed a killer bee
  1028 | D        | Killed a killer bee
  1030 | D        | Killed a killer bee
  1032 | D        | Killed a killer bee
  1032 | D        | Acquired Dithmenos's fourth power
  1036 | D        | Killed a killer bee
  1038 | D        | Killed a killer bee
  1062 | D        | Killed a killer bee
  1198 | D        | Killed a killer bee
  1207 | D        | Killed a killer bee
  1209 | D        | Killed a killer bee
  1209 | D        | Killed a killer bee
  1209 | D        | Killed a killer bee
  1210 | D        | Killed a killer bee
  1210 | D        | Killed a killer bee
  1211 | D        | Killed a killer bee
  1211 | D        | Killed a killer bee
  1212 | D        | Killed a killer bee
  1212 | D        | Killed a killer bee
  1212 | D        | Killed a killer bee
  1216 | D        | Killed a killer bee
  1217 | D        | Killed a killer bee
  1218 | D        | Killed a killer bee
  1220 | D        | Killed a killer bee
  1308 | D        | Killed a yaktaur
  1383 | D        | Killed a killer bee
  1383 | D        | Reached XP level 10. HP: 44/44 MP: 21/26
  1385 | D        | Killed a killer bee
  1392 | D        | Killed a queen bee
  1399 | D        | Killed a killer bee
  1457 | D        | Killed a killer bee
  1457 | D        | Reached skill level 5 in Poison Magic
  1459 | D        | Killed a killer bee
  1459 | D        | Reached skill level 15 in Stealth
  1529 | D        | Noticed a wandering mushroom
  1659 | D        | Noticed a wandering mushroom
  1659 | D        | Noticed a wandering mushroom
  1662 | D        | Killed a wandering mushroom
  1665 | D        | Killed a wandering mushroom
  1687 | D        | Killed a wandering mushroom
  2008 | D        | Noticed a spiny frog
  2008 | D        | Noticed a komodo dragon
  2008 | D        | Noticed a spiny frog
  2011 | D        | Killed a spiny frog
  2013 | D        | Killed a spiny frog
  2015 | D        | Killed a komodo dragon
  2041 | D        | Noticed a redback
  2043 | D        | Killed a redback
  2043 | D        | Reached skill level 5 in Air Magic
  2044 | D        | Noticed a brain worm
  2047 | D        | Killed a brain worm
  2053 | D        | Noticed a brain worm
  2055 | D        | Killed a brain worm
  2061 | D        | Noticed a lindwurm
  2064 | D        | Killed a lindwurm
  2064 | D        | Reached skill level 5 in Conjurations
  2065 | D        | Noticed a redback
  2068 | D        | Killed a redback
  2074 | D        | Noticed a redback
  2075 | D        | Noticed Maud
  2080 | D        | Killed a redback
  2080 | D        | Reached skill level 16 in Stealth
  2083 | D        | Killed Maud
  2083 | D        | Reached skill level 15 in Dodging
  2083 | D        | Reached skill level 10 in Hexes
  2083 | D        | Reached XP level 11. HP: 47/47 MP: 21/29
  2119 | D        | Noticed an electric eel
  2120 | D        | Noticed a six-headed hydra
  2120 | D        | Noticed a four-headed hydra
  2178 | D        | Killed a six-headed hydra
  2218 | D        | Killed an electric eel
  2221 | D        | Noticed a death drake
  2222 | D        | Killed a four-headed hydra
  2226 | D        | Killed a death drake
  2335 | D        | Found a blossoming altar of Fedhas.
  2335 | D        | Noticed a spriggan
  2335 | D        | Noticed a spriggan druid
  2335 | D        | Noticed a spriggan
  2337 | D        | Killed a spriggan druid
  2337 | D        | Reached skill level 17 in Stealth
  2338 | D        | Killed a spriggan
  2339 | D        | Killed a spriggan
  2368 | D        | Noticed a water moccasin
  2369 | D        | Noticed an anaconda
  2370 | D        | Killed a water moccasin
  2375 | D        | Killed an anaconda
  2381 | D        | Noticed a water moccasin
  2381 | D        | Noticed a black mamba
  2383 | D        | Killed a black mamba
  2388 | D        | Killed a water moccasin
  2422 | D        | Noticed a water moccasin
  2422 | D        | Noticed a black mamba
  2422 | D        | Noticed an anaconda
  2422 | D        | Noticed a water moccasin
  2426 | D        | Killed an anaconda
  2428 | D        | Killed a water moccasin
  2431 | D        | Noticed a water moccasin
  2432 | D        | Killed a water moccasin
  2434 | D        | Killed a black mamba
  2437 | D        | Killed a water moccasin
  2480 | D        | Noticed a naga
  2480 | D        | Noticed a naga
  2481 | D        | Noticed a naga warrior
  2481 | D        | Noticed a greater naga
  2481 | D        | Found Nisodagga's Antique Weapon Shop.
  2481 | D        | Found Neoclobi's Book Shoppe.
  2482 | D        | Killed a naga
  2483 | D        | Killed a naga
  2484 | D        | Found For Uvid's Food Boutique.
  2485 | D        | Killed a naga warrior
  2485 | D        | Reached skill level 18 in Stealth
  2486 | D        | Killed a greater naga
  2501 | D        | Noticed a guardian serpent
  2503 | D        | Killed a guardian serpent
  2507 | D        | Got a serpentine rune of Zot
  2589 | D        | Noticed a swamp drake
  2589 | D        | Noticed a fire drake
  2590 | D        | Killed a fire drake
  2590 | D        | Reached XP level 12. HP: 51/51 MP: 31/31
  2592 | D        | Killed a swamp drake
  2598 | D        | Noticed a blink frog
  2598 | D        | Noticed a blink frog
  2599 | D        | Noticed a blink frog
  2599 | D        | Noticed a blink frog
  2599 | D        | Noticed a blink frog
  2600 | D        | Killed a blink frog
  2608 | D        | Killed a blink frog
  2610 | D        | Killed a blink frog
  2614 | D        | Killed a blink frog
  2622 | D        | Killed a blink frog
  2677 | D        | Noticed Rupert
  2679 | D        | Killed Rupert
  2679 | D        | Reached skill level 19 in Stealth
  2679 | D        | Reached skill level 15 in Spellcasting
  2702 | D        | Noticed a death yak
  2703 | D        | Noticed a death yak
  2703 | D        | Noticed a blink frog
  2704 | D        | Noticed an azure jelly
  2704 | D        | Noticed a death yak
  2704 | D        | Noticed an azure jelly
  2704 | D        | Noticed a blink frog
  2704 | D        | Noticed a death yak
  2705 | D        | Killed a death yak
  2706 | D        | Killed a death yak
  2707 | D        | Killed a blink frog
  2708 | D        | Noticed a blink frog
  2708 | D        | Noticed a black mamba
  2709 | D        | Killed a death yak
  2710 | D        | Noticed a black mamba
  2711 | D        | Killed a blink frog
  2712 | D        | Killed a blink frog
  2713 | D        | Killed a death yak
  2715 | D        | Killed a black mamba
  2716 | D        | Killed a black mamba
  2733 | D        | Noticed an azure jelly
  2733 | D        | Noticed an azure jelly
  2750 | D        | Killed a yaktaur
  2759 | D        | Noticed a death drake
  2761 | D        | Killed a death drake
  2765 | D        | Noticed a death drake
  2766 | D        | Found Nivam's Antique Weapon Shoppe.
  2767 | D        | Killed a death drake
  2771 | D        | Found Hupote's Book Boutique.
  2771 | D        | Noticed a swamp dragon skeleton
  2772 | D        | Found Yfrek's Food Emporium.
  2773 | D        | Killed a swamp dragon skeleton
  2775 | D        | Noticed a swamp dragon skeleton
  2784 | D        | Killed a swamp dragon skeleton
  2784 | D        | HP: 1/47 [poison (dark miasma)]
  2785 | D        | Succumbed to poison (dark miasma)

Vault maps used:
D:        dungeon_sprint_mu

Action                   |  1- 3 |  4- 6 |  7- 9 | 10-12 || total
-------------------------+-------+-------+-------+-------++-------
Melee: Dagger            |    12 |       |       |       ||    12
       Short sword       |     2 |     7 |    62 |    79 ||   150
 Cast: Corona            |     2 |       |       |       ||     2
       Ensorcelled Hiber |     7 |       |    27 |    38 ||    72
       Dazzling Spray    |       |     4 |       |     4 ||     8
       Confuse           |       |       |     1 |       ||     1
       Olgreb's Toxic Ra |       |       |     1 |       ||     1
Invok: Shadow Step       |       |       |     1 |    16 ||    17
  Use: Potion            |     4 |     4 |     1 |       ||     9
 Stab: Sleeping          |     4 |     7 |    27 |    64 ||   102
       Confused          |       |       |     1 |       ||     1
  Eat: Fruit             |       |       |       |     1 ||     1
